 Dungeon Crawl Stone Soup version 0.31-a0-95-g6fa058ef04 (webtiles) character file.

Game seed: 12303101525043460986

181 voltaire321 the Ducker (level 5, -4/38 HPs)
             Began as a Merfolk Venom Mage on May 25, 2023.
             Slain by a water moccasin (7 damage)
             ... on level 4 of the Dungeon.
             The game lasted 00:12:54 (3296 turns).

voltaire321 the Ducker (Merfolk Venom Mage)         Turns: 3296, Time: 00:12:54

Health: -4/38      AC:  5    Str: 10    XL:     5   Next: 61%
Magic:  5/9        EV: 13    Int: 15    God:
Gold:   90         SH:  0    Dex: 14    Spells: 2/9 levels left

rFire   . . .        p - +0 spear (venom)
rCold   . . .        (no shield)
rNeg    . . .        t - +0 leather armour of Good Intentions {rCorr SInv}
rPois   +            q - +0 helmet
rElec   .            d - +0 cloak {rPois}
rCorr   +            (no gloves)
SInv    +            (no boots)
Will    .....        m - amulet of regeneration
Stlth   ++           (no ring)
HPRegen 1.06/turn    (no ring)
MPRegen 0.11/turn

%: no passive effects
@: no status effects
A: (nimble swimmer 2), mertail
a: no special abilities


You were on level 4 of the Dungeon.
You visited 1 branch of the dungeon, and saw 4 of its levels.

You collected 175 gold pieces.
You spent 85 gold pieces at shops.

Inventory:

Hand Weapons
 p - a +0 spear of venom (weapon)
Armour
 d - a +0 cloak of poison resistance (worn)
 q - a +0 helmet (worn)
 t - the +0 leather armour of Good Intentions (worn) {rCorr SInv}
   (You found it on level 2 of the Dungeon)

   SInv:      It lets you see invisible.
   rCorr:     It protects you from acid and corrosion.
Jewellery
 m - an amulet of regeneration (around neck)
Wands
 j - a wand of flame (18)
Scrolls
 i - a scroll of immolation {unknown}
 k - a scroll of amnesia {unknown}
 l - a scroll of silence {unknown}
 n - a scroll of torment {unknown}
 s - a scroll of vulnerability {unknown}
Potions
 b - a potion of magic
 e - a potion of mutation
 f - a potion of resistance
 g - a potion of enlightenment {unknown}
 o - a potion of lignification {unknown}
 r - a potion of curing {unknown}


   Skills:
 + Level 2.0 Fighting
 + Level 1.2 Armour
 + Level 4.1 Dodging
 - Level 2.1 Stealth
 + Level 2.7 Spellcasting
 - Level 2.0 Transmutations
 + Level 1.0 Air Magic
 + Level 4.0 Poison Magic


You had 2 spell levels left.
You knew the following spells:

 Your Spells              Type           Power      Damage    Failure   Level
a - Sting                 Tmut/Pois      40%        1d5       9%          1
b - Poisonous Vapours     Pois/Air       16%        N/A       17%         2
c - Olgreb's Toxic Radia  Pois           14%        N/A       45%         4

Your spell library contained the following spells:

 Spells                   Type           Power      Damage    Failure   Level
 Mephitic Cloud           Conj/Pois/Air  5%         N/A       43%         3


Dungeon Overview and Level Annotations

Branches:
Dungeon (4/15)
 Temple: D:4-7

Altars:

Shops:
D:3 *:[:

Annotations:
D:3 2 transporters, Monarks's ghost, amateur KoEn
D:4 Pargi


Innate Abilities, Weirdness & Mutations

((You are very nimble when in or above water. (Stealth+, EV+, Speed+++)))
Your lower body shifts to a powerful aquatic tail in water.


Message History

Aim: a water moccasin (heavily wounded, 48% to hit)
The puff of flame hits the water moccasin.
The water moccasin is heavily wounded.
You feel sick.
You feel sick.
A water moccasin is nearby!
Aiming: Throw Flame
Press: ? - help, Shift-Dir - straight line, f/p - water moccasin
Aim: a water moccasin (heavily wounded, 48% to hit)
The puff of flame hits the water moccasin.
The water moccasin is severely wounded.
You feel sick.
Aiming: Sting (safe; 9% risk of failure)
Press: ? - help, Q - select action, (/) - cycle Shift-Dir - straight line, f/p - water moccasin
Aim: a water moccasin (severely wounded, 53% to hit)
The sting hits the water moccasin.
The water moccasin is poisoned.
The water moccasin is severely wounded.
You feel sick.
Aiming: Sting (safe; 9% risk of failure)
Press: ? - help, Q - select action, (/) - cycle Shift-Dir - straight line, f/p - water moccasin
Aim: a water moccasin (severely wounded, poisoned, 53% to hit)
The sting misses the water moccasin.
You feel sick.
You are no longer poisoned.
The water moccasin bites you.
* * * LOW HITPOINT WARNING * * *
The water moccasin closely misses you.
Aiming: Sting (safe; 9% risk of failure)
Press: ? - help, Q - select action, (/) - cycle Shift-Dir - straight line, f/p - water moccasin
Aim: a water moccasin (severely wounded, poisoned, 53% to hit)
The sting misses the water moccasin.
The water moccasin barely misses you.
Aiming: Sting (safe; 9% risk of failure)
Press: ? - help, Q - select action, (/) - cycle Shift-Dir - straight line, f/p - water moccasin
Aim: a water moccasin (almost dead, poisoned, 53% to hit)
The sting hits the water moccasin but does no damage.
The water moccasin looks even sicker.
The water moccasin is almost dead.
The water moccasin barely misses you. The water moccasin bites you!
You die...

##.....#.. ##.........
####### #..........
#.....# #..........
#.....# #..........
#.....# #..........
#.....# #..........
#.....###..........
##..[..#.S@.........
######........###........
......†<....### ######...
............# ..
.######.##### . #.# #.#
#.# ..#


You could see a water moccasin (very poisoned).

Vanquished Creatures
  An iguana (D:4)
  Robin (D:2)
  3 gnolls (D:3)
  2 adders
  An ufetubus (D:4)
  3 worms
  2 dart slugs
  7 ball pythons
  5 endoplasms
  2 giant cockroaches
  10 goblins
  14 hobgoblins
  3 kobolds
  3 quokkas
  9 bats
  4 frilled lizards
  7 rats
77 creatures vanquished.

Notes
Turn   | Place    | Note
-------+----------+-------------------------------------------
     0 | D:1      | voltaire321 the Merfolk Venom Mage began the quest for the
                  | Orb.
     0 | D:1      | Reached XP level 1. HP: 13/13 MP: 3/3
   258 | D:1      | Found a faded altar of an unknown god.
   346 | D:1      | Reached XP level 2. HP: 20/20 MP: 3/5
  1005 | D:1      | Reached XP level 3. HP: 25/25 MP: 3/6
  1339 | D:1      | Reached skill level 1 in Fighting
  1718 | D:2      | Learned a level 2 spell: Poisonous Vapours
  1815 | D:2      | Noticed Robin
  1820 | D:2      | Reached XP level 4. HP: 32/32 MP: 5/7
  1854 | D:2      | Killed Robin
  2381 | D:2      | Identified the +0 leather armour of Good Intentions {rCorr
                  | SInv}
  2400 | D:3      | Found Fualead's Armour Emporium.
  2435 | D:3      | Found Buyleff's General Store.
  2443 | D:3      | Bought a +0 cloak of poison resistance for 85 gold pieces
  2522 | D:3      | Learned a level 4 spell: Olgreb's Toxic Radiance
  2542 | D:3      | Found Pexiy's Book Emporium.
  2631 | D:3      | Reached skill level 1 in Armour
  2656 | D:3      | Reached XP level 5. HP: 35/38 MP: 6/8
  2814 | D:3      | Found Byniff's Book Shop.
  2888 | D:3      | Found a transporter.
  2898 | D:3      | Found a transporter.
  2918 | D:3      | Noticed Monarks's ghost (amateur KoEn)
  3092 | D:4      | Noticed Pargi
  3093 | D:4      | Noticed a water moccasin
  3215 | D:4      | Reached skill level 1 in Air Magic
  3294 | D:4      | HP: 1/38 [water moccasin (5)]
  3296 | D:4      | Slain by a water moccasin

Illustrated notes

Levels and vault maps discovered:
D:1:      nzn_arrival_crosshair, layout_basic,
          hellmonk_ecumenical_altar_heavens_door
D:2:      layout_basic, minmay_misc_feat_square, uniq_robin
D:3:      minmay_angry_zag, layout_loops_ring, gammafunk_ghost_gnarly_gnolls,
          serial_shops, nicolae_square_shop, nicolae_shop_crystal,
          nicolae_shop_pleasant_corner_grove, shop
D:4:      layout_rooms, minmay_temple_entry_enclosed_plants, uniq_pargi

Skill      XL: |  1  2  3  4  5 |
---------------+----------------+-----
Dodging        | 3 4 |  4.1
Fighting       | 1 2 |  2.0
Transmutations | 2 |  2.0
Armour         | 1 |  1.2
Air Magic      | 1 |  1.0
Poison Magic   | 4 |  4.0
Stealth        | |  2.1
Spellcasting   | |  2.7

Action                     |  1- 3 |  4- 6 || total
---------------------------+-------+-------++-------
  Melee: Unarmed           |    28 |       ||    28
         Mace              |    22 |     5 ||    27
         Spear             |       |   114 ||   114
         Punch             |       |     1 ||     1
   Cast: Sting             |    66 |    26 ||    92
  Evoke: Wand              |       |     2 ||     2
    Use: Scroll            |       |     5 ||     5
   Stab: Sleeping          |       |     1 ||     1
 Armour: Robe              |    11 |       ||    11
         Leather armour    |    14 |    24 ||    38
  Dodge: Dodged            |    71 |    67 ||   138

Table legend: (Time is in decaauts)
 A = Elapsed time spent in this place.
 B = Non-inter-level travel time spent in this place.
 C = Inter-level travel time spent in this place.
 D = Time resting spent in this place.
 E = Time spent auto-exploring this place.
 F = Levels seen in this place.
 G = Mean time per level.
                   A        B        C        D        E       F      G
               +--------+--------+--------+--------+--------+-----+--------+
         Total |   3307 |   3181 |    126 |    416 |   1846 |   4 |  826.8 |
       Dungeon |   3307 |   3181 |    126 |    416 |   1846 |   4 |  826.8 |
               +--------+--------+--------+--------+--------+-----+--------+

Top non-repeatable levels by time:
     D:1: 1580 daAuts
     D:2: 831 daAuts
     D:3: 765 daAuts
     D:4: 130 daAuts
